 Dungeon Crawl Stone Soup version 0.21-a0-39-g28ea6b7 (console) character file.

43032 nht the Deadly Accurate (level 14, -6/162 HPs)
             Began as a Barachi Berserker on May 31, 2017.
             Was an Elder of Trog.
             Mangled by a komodo dragon (12 damage)
             ... on level 6 of the Lair of Beasts.
             The game lasted 00:41:07 (18680 turns).

nht the Deadly Accurate (Barachi Berserker)        Turns: 18680, Time: 00:41:08

Health: -6/162     AC: 27    Str: 23    XL:     14   Next: 22%
Magic:  0/14       EV:  2    Int:  7    God:    Trog [****..]
Gold:   1090       SH:  0    Dex: 18    Spells: 13/13 levels left

rFire    . . .     SeeInvis .   a - +1 scimitar
rCold    . . .     Gourm    .   (no shield)
rNeg     + + +     Faith    .   (armour currently unavailable)
rPois    +         Spirit   +   (helmet currently unavailable)
rElec    .         Reflect  .   (cloak currently unavailable)
rCorr    .         Harm     .   (gloves currently unavailable)
MR       ++++.     NoTele   +   (boots currently unavailable)
Stlth    ++........             Z - amulet of guardian spirit
Regen    1.4/turn               e - ring of protection from magic
MPRegen  0.2/turn               p - ring of poison resistance

@: mighty, lethally poisoned (-6 -> -6), tree-form (expiring), berserk cooldown,
regenerating, hasted and slowed
A: +LOS, swims, MP-powered wands
a: Berserk, Trog's Hand, Brothers in Arms, Burn Spellbooks, Renounce Religion


You were on level 6 of the Lair of Beasts.
You worshipped Trog.
Trog was greatly pleased with you.
You were not hungry.
You were a tree.
You visited 2 branches of the dungeon, and saw 18 of its levels.
You also visited: Labyrinth.

You collected 1090 gold pieces.

Inventory:

Hand Weapons
 a - a +1 scimitar (weapon)
 w - a +0 blowgun
 E - the +7 flail of Defiance {crush, rF+ Str+2 Int+2, unknown}
   (You found it on level 8 of the Dungeon)

   It inflicts extra damage upon your enemies.
   It affects your strength (+2).
   It affects your intelligence (+2).
   It protects you from fire.
 V - the cursed +1 flail of Popular Demand {crush, rC- MR+++ Str+5, unknown}
   (You found it on level 2 of the Lair of Beasts)

   It inflicts extra damage upon your enemies.
   It affects your strength (+5).
   It makes you vulnerable to cold.
   It affects your resistance to hostile enchantments.
   It has a curse placed upon it.
 X - a +3 antimagic great sword
Missiles
 g - 50 poisoned needles
 h - 13 needles of confusion
 n - 3 tomahawks of returning (quivered)
 o - 16 tomahawks
 t - 5 javelins
 G - 6 curare-tipped needles
 I - a throwing net
 K - 4 poisoned tomahawks
 M - 4 silver javelins
Armour
 j - a +1 hat (melded)
 l - a +0 plate armour (melded)
 m - a +1 pair of gloves (melded)
 s - a +2 leather armour of poison resistance
 L - a +0 leather armour of fire resistance
 Y - a +0 cloak (melded)
Jewellery
 e - a ring of protection from magic (left branch)
 p - a ring of poison resistance (right branch)
 x - an uncursed amulet of the gourmand {unknown}
 Z - an amulet of guardian spirit (around neck)
Wands
 v - a wand of enslavement (4/24)
 z - a wand of polymorph (8/24)
 R - a wand of iceblast (0/15)
 S - a wand of flame (0/48)
 T - a wand of enslavement (9/24)
Scrolls
 i - 3 scrolls of teleportation
 k - 5 scrolls of remove curse
 u - 8 scrolls of enchant armour
 y - 5 scrolls of fog
 N - 2 scrolls of enchant weapon
 O - 2 scrolls of magic mapping
 U - 3 scrolls of recharging
Potions
 b - 2 potions of curing
 d - 2 potions of berserk rage
 q - a potion of might
 r - a potion of cancellation
 A - 3 potions of brilliance
 C - 3 potions of flight
 D - 2 potions of lignification
 J - a potion of agility
Comestibles
 c - 8 bread rations
 f - 15 meat rations


   Skills:
 + Level 9.3 Fighting
 * Level 15.3 Long Blades
 * Level 15.8 Throwing
 + Level 8.8 Armour
 + Level 8.2 Dodging


You had 13 spell levels left.
You didn't know any spells.

Dungeon Overview and Level Annotations

Branches:
Dungeon (12/15)            Temple (0/1) D:6            Lair (6/6) D:9
  Swamp (0/4) Lair:2        Snake (0/4) Lair:4        Slime (0/5) Lair:5
    Orc (0/2) D:10

Altars:
Elyvilon
Hepliaklqana
Nemelex Xobeh
Okawaru
Vehumet
Beogh
Jiyva

Shops:
D:6 [

Annotations:
Lair:3 rcorr, exclusion: oklob plant


Innate Abilities, Weirdness & Mutations

Shadows flee at your approach. (+LOS)
You can swim through water.
((You cover ground slowly.))
((You can hop longer distances.))
((You have a pair of small antennae on your head.))
You expend magic power (3 MP) to strengthen your wands.


Message History

The black mamba bites you!
* * * LOW HITPOINT WARNING * * *
The bullfrog hits you but does no damage.
Unknown command.
You slice the komodo dragon!!
The komodo dragon is heavily wounded.
You feel sick. The wolf bites you but does no damage.
The black mamba bites you but does no damage.
The komodo dragon bites you.
* * * LOW HITPOINT WARNING * * *
The water moccasin bites you but does no damage.
The bullfrog hits you but does no damage.
You slash the komodo dragon!
The komodo dragon is severely wounded.
You feel sick. The wolf bites you but does no damage.
The black mamba bites you but does no damage.
The bullfrog hits you but does no damage.
The water moccasin bites you but does no damage.
The komodo dragon bites you!
You die...

P.......█,,,..,,,,,,,.,,,***
.█.Y...████,,.,,*,*,..,,,,,*
.......█ █..,.*****,.***,,**
.█...Y.█*█..██.* *,.█*█*,,,*
,....Y..██.....* *,.█P█*,,,*
,*,,,,,,.......███..P....***
*,,,,,,,.........█.......*
**,*,,,,.......SFl█..(..█*
*,,,,,,......hS♣†...P...*
*,,*,,,.P....Hh█†....███*
*,,,,*,....█.Y█,......█
**,,,,,,..,....h.......█
*,,,,,*,,.........█..███
**,,,,**...$.......<.█*
**,*,,,,.........P....█
*,,,,,**.........██...█
*,,,,,*,.....P.█,*█...█


You could see an elephant, a komodo dragon, a hippogriff, a black mamba, a water
moccasin, 2 wolves and a bullfrog.

Vanquished Creatures
  Kirke (Lair:5)
  Gastronok (D:10)
  A minotaur (Lab)
  Harold (D:12)
  A hydra (Lair:5)
  An ice dragon (Lair:5)
  A death yak (Lair:4)
  4 two-headed ogres
  Nergalle (D:10)
  2 cyclopes (D:12)
  3 black mambas
  12 elephants
  A centaur zombie (D:11)
  A torpor snail (Lair:4)
  5 spiny frogs
  7 komodo dragons
  A troll (D:10)
  A hornet (D:11)
  A polar bear (Lair:4)
  16 blink frogs
  5 dream sheep (Lair:5)
  3 hippogriffs
  2 shadows (Lab)
  4 wyverns
  3 hogs (Lair:5)
  21 yaks
  A hog (shapeshifter) (D:10)
  A basilisk (Lair:3)
  6 hungry ghosts
  2 steam dragons
  Menkaure (D:7)
  2 acid dragons (D:11)
  2 hell hounds (D:9)
  7 water moccasins
  A black bear (D:7)
  8 porcupines
  5 sky beasts
  A phantom (D:7)
  An ice beast (D:8)
  A hornet zombie (D:6)
  8 orc warriors
  An eye of draining (D:11)
  6 ogres
  6 wolves
  9 crocodiles
  7 centaurs
  A big kobold (D:7)
  18 bullfrogs
  A wyvern zombie (D:9)
  A scorpion (D:12)
  11 killer bees
  3 howler monkeys (D:12)
  5 crimson imps
  A quasit (D:9)
  5 hounds
  2 bullfrog skeletons
  3 centaur skeletons
  10 orc priests
  10 orc wizards
  10 worker ants
  3 iguanas
  2 hound zombies
  4 hound skeletons
  3 worker ant zombies
  7 gnolls
  A howler monkey skeleton (D:8)
  10 adders
  2 shadow imps
  3 white imps (Lair:5)
  2 oozes
  An adder zombie (D:7)
  4 worms
  3 dart slugs (D:1)
  6 leopard geckos
  73 orcs
  3 ball pythons
  3 giant cockroaches
  6 goblins
  7 hobgoblins
  6 jackals
  6 quokkas
  9 bats
  7 frilled lizards
  13 kobolds
  A leopard gecko zombie (D:6)
  A quokka zombie (D:5)
  8 rats
451 creatures vanquished.

Vanquished Creatures (collateral kills)
  A hydra (Lair:3)
  A centaur zombie (D:12)
  5 elephants
  3 spiny frogs
  A komodo dragon (Lair:1)
  2 hippogriffs
  7 yaks (Lair:2)
  A hog (Lair:5)
  2 basilisks
  2 water moccasins
  5 orc warriors (D:10)
  2 wolves (Lair:4)
  2 ogres
  A crocodile (Lair:2)
  2 bullfrogs
  20 orcs (D:10)
57 creatures vanquished.

Vanquished Creatures (others)
  A black mamba (Lair:2)
  A hippogriff (Lair:2)
  A bush (Lair:6)
  5 fungi
  14 plants
22 creatures vanquished.

Grand Total: 530 creatures vanquished

Notes
Turn   | Place    | Note
-------+----------+-------------------------------------------
     0 | D:1      | nht the Barachi Berserker began the quest for the Orb.
     0 | D:1      | Reached XP level 1. HP: 18/18 MP: 1/1
    65 | D:1      | Reached XP level 2. HP: 18/24 MP: 2/2
   527 | D:1      | Reached skill level 5 in Long Blades
   527 | D:1      | Reached XP level 3. HP: 22/29 MP: 3/3
  1287 | D:2      | Reached ** piety under Trog
  1737 | D:2      | Found a sparkling altar of Nemelex Xobeh.
  1737 | D:2      | Found a white marble altar of Elyvilon.
  1738 | D:2      | Found a hazy altar of Hepliaklqana.
  1946 | D:2      | Reached XP level 4. HP: 35/36 MP: 4/4
  2299 | D:3      | Reached XP level 5. HP: 41/41 MP: 5/5
  2406 | D:3      | Reached *** piety under Trog
  3076 | D:4      | Reached XP level 6. HP: 47/47 MP: 6/6
  3684 | D:4      | Found a roughly hewn altar of Beogh.
  3927 | D:5      | Entered Level 5 of the Dungeon
  3927 | D:5      | Found an iron altar of Okawaru.
  4015 | D:5      | Reached XP level 7. HP: 39/52 MP: 7/7
  4307 | D:5      | Gained mutation: You expend magic power (3 MP) to strengthen your wands. [potion of mutation]
  4307 | D:5      | Gained mutation: You have a pair of small antennae on your head. [potion of mutation]
  4308 | D:5      | Reached **** piety under Trog
  4333 | D:5      | Reached skill level 10 in Long Blades
  4915 | D:6      | Reached XP level 8. HP: 59/59 MP: 8/8
  5127 | D:6      | Found a staircase to the Ecumenical Temple.
  5203 | D:6      | Found Tuixi's Antique Armour Boutique.
  5767 | D:7      | Noticed Menkaure
  5827 | D:7      | Killed Menkaure
  5827 | D:7      | Reached XP level 9. HP: 19/64 MP: 9/9
  6212 | D:7      | Received a gift from Trog
  6553 | D:7      | Reached skill level 1 in Throwing
  6898 | D:8      | Reached ***** piety under Trog
  7084 | D:8      | Reached skill level 5 in Throwing
  7191 | D:8      | Got a pitted flail
  7282 | D:8      | Reached XP level 10. HP: 61/70 MP: 10/10
  7305 | D:8      | Received a gift from Trog
  7511 | D:9      | Found a radiant altar of Vehumet.
  7669 | D:9      | Found a staircase to the Lair.
  7939 | D:9      | Received a gift from Trog
  8517 | D:10     | Entered Level 10 of the Dungeon
  8646 | D:10     | Noticed Gastronok
  8677 | D:10     | Killed Gastronok
  8677 | D:10     | Reached skill level 10 in Throwing
  8764 | D:10     | Reached XP level 11. HP: 18/75 MP: 8/11
  9378 | D:10     | Found a staircase to the Orcish Mines.
  9382 | D:10     | Found a roughly hewn altar of Beogh.
  9436 | D:10     | Noticed Nergalle
  9448 | D:10     | Killed Nergalle
  9886 | D:10     | Found a sparkling altar of Nemelex Xobeh.
 10489 | D:11     | Received a gift from Trog
 10596 | D:11     | Noticed a two-headed ogre
 10605 | D:11     | Killed a two-headed ogre
 11019 | D:12     | Found a labyrinth entrance.
 11078 | Lab      | Entered a labyrinth
 11403 | Lab      | Noticed a minotaur
 11412 | Lab      | Killed a minotaur
 11412 | Lab      | Reached skill level 5 in Fighting
 11412 | Lab      | Reached XP level 12. HP: 75/86 MP: 8/12
 11428 | Lab      | Got a heavily runed buckler
 11578 | D:12     | Noticed a two-headed ogre
 11669 | D:12     | Killed a two-headed ogre
 11687 | D:12     | Noticed a two-headed ogre
 11694 | D:12     | Killed a two-headed ogre
 11798 | D:12     | Reached skill level 5 in Armour
 11822 | D:12     | Noticed Harold
 11830 | D:12     | Killed Harold
 12219 | D:11     | Noticed a two-headed ogre
 12232 | D:11     | Killed a two-headed ogre
 12270 | Lair:1   | Entered Level 1 of the Lair of Beasts
 12284 | Lair:1   | Reached skill level 5 in Dodging
 12471 | Lair:1   | Identified the cursed +0 buckler of Xunidgh {*Drain Int+3 Dex+3} (You found it in a labyrinth)
 13131 | Lair:2   | Found a staircase to the Swamp.
 13537 | Lair:2   | Got a pitted flail
 13736 | Lair:2   | Received a gift from Trog
 13752 | Lair:2   | Gained mutation: You can hop longer distances. [Barachi growth]
 13752 | Lair:2   | Reached XP level 13. HP: 96/96 MP: 3/13
 15011 | Lair:3   | Reached skill level 15 in Throwing
 15192 | Lair:3   | Received a gift from Trog
 16486 | Lair:4   | Found a staircase to the Snake Pit.
 17065 | Lair:5   | Noticed an ice dragon
 17088 | Lair:5   | Killed an ice dragon
 17471 | Lair:5   | Noticed Kirke
 17564 | Lair:5   | Killed Kirke
 17564 | Lair:5   | Reached XP level 14. HP: 108/108 MP: 5/14
 17620 | Lair:5   | Reached skill level 15 in Long Blades
 17832 | Lair:5   | Found a viscous altar of Jiyva.
 17832 | Lair:5   | Found a staircase to the Slime Pits.
 18217 | Lair:6   | Entered Level 6 of the Lair of Beasts
 18677 | Lair:6   | HP: 4/162 [black mamba (5)]
 18680 | Lair:6   | Mangled by a komodo dragon

Vault maps used:
D:1:      doesnt_arrival_goblin_jail
D:2:      minitemple
D:4:      st_stairs_3, kennysheep_orc_chapel
D:5:      basic_altar, first_bread
D:6:      minmay_temple_entry_from_below_b, serial_shops, shop
D:7:      uniq_menkaure
D:9:      vehumet_crystals, minmay_lair_entry_lava
D:10:     david_orc_5, nemelex_diamond_rough_becter, uniq_nergalle,
          uniq_gastronok
D:12:     lab_entry_generic, uniq_harold
Lair:1:   grunt_megastairs_4
Lair:2:   minmay_swamp_entry_reptiles
Lair:3:   infiniplex_staircase_pool
Lair:4:   dummy_snake_entry, st_stairs_9
Lair:5:   slime_altar_1, bobbens_ice_dragon_lair, uniq_kirke
Lair:6:   evil_forest, portal_ice_cave_entry_pillars_1
Lab:      labyrinth_mini_lab, nicolae_lab_stuck, nicolae_lab_x,
          labyrinth_glass_1, nicolae_lab_plus, nicolae_lab_checkerboard,
          nicolae_lab_do_over

Skill      XL: |  1  2  3  4  5  6  7  8  9 10 11 12 13 14 |
---------------+-------------------------------------------+-----
Long Blades    | 4 5 6 7 9 10 13 14 15 | 15.3
Throwing       | 6 11 13 14 15 | 15.8
Fighting       | 5 7 9 |  9.3
Armour         | 4 6 8 |  8.8
Dodging        | 3 5 7 8 |  8.2

Action                   |  1- 3 |  4- 6 |  7- 9 | 10-12 | 13-15 || total
-------------------------+-------+-------+-------+-------+-------++-------
Melee: Falchion          |   100 |   185 |   511 |   733 |       ||  1529
       Scimitar          |       |       |       |   121 |   349 ||   470
Throw: Tomahawk          |       |       |       |    78 |   187 ||   265
Invok: Berserk           |     2 |     5 |    14 |    28 |     7 ||    56
       Burn Spellbooks   |       |     1 |     2 |     2 |     2 ||     7
       Brothers in Arms  |       |       |       |     5 |     6 ||    11
       Trog's Hand       |       |       |       |     1 |     3 ||     4
Evoke: Wand              |       |       |       |    52 |    10 ||    62
       Sack of spiders   |       |       |       |       |     1 ||     1
  Use: Scroll            |       |     8 |     6 |    14 |    12 ||    40
       Potion            |       |       |     8 |     3 |     5 ||    16
 Stab: Sleeping          |     1 |       |       |       |       ||     1
       Distracted        |       |       |       |       |     2 ||     2
  Eat: Chunk             |     6 |    12 |    25 |    44 |    17 ||   104
       Royal jelly       |       |       |       |     3 |       ||     3
       Bread ration      |       |       |       |     2 |     1 ||     3
       Fruit             |       |       |       |     2 |     9 ||    11
Armor: Animal skin       |    17 |     5 |       |       |       ||    22
       Plate armour      |       |   121 |   282 |   359 |   183 ||   945
       Skin              |       |       |       |       |   134 ||   134
Dodge: Dodged            |    76 |    72 |   134 |   166 |   132 ||   580
Block: Buckler           |       |       |       |    13 |    11 ||    24
       Rpst.: Falchion   |    26 |    22 |    42 |    34 |       ||   124
       Scimitar          |       |       |       |    10 |    35 ||    45
